 Dungeon Crawl Stone Soup version 0.30-a0-930-gb9d0489357 (webtiles) character file.

Game seed: 6830795662176922388

645 ZappyNine the Shield-Bearer (level 7, 0/56 HPs)
             Began as a Formicid Fighter on Mar 23, 2023.
             Slain by a gnoll
             ... wielding a +0 whip
              (6 damage)
             ... on level 4 of the Dungeon.
             The game lasted 00:05:14 (3799 turns).

ZappyNine the Shield-Bearer (Formicid Fighter)      Turns: 3799, Time: 00:05:15

Health: 0/56       AC:  7    Str: 23    XL:     7   Next: 82%
Magic:  7/7        EV:  9    Int:  7    God:
Gold:   256        SH:  5    Dex: 13    Spells: 6/6 levels left

rFire   . . .      SeeInvis +    a - +0 long sword
rCold   . . .      Faith    .    c - +0 buckler
rNeg    . . .      Spirit   .    b - +0 scale mail
rPois   .          Reflect  .    (helmet unavailable)
rElec   .          Rampage  .    (no cloak)
rCorr   .                        (no gloves)
Will    .....                    (no boots) Stlth
                                 (no amulet)
HPRegen 0.29/turn                (no ring)
MPRegen 0.10/turn                (no ring)

@: no status effects
A: permanent stasis, dig shafts and tunnels, antennae 3, four strong arms
a: Dig, Shaft Self


You were on level 4 of the Dungeon.
You visited 1 branch of the dungeon, and saw 5 of its levels.

You collected 256 gold pieces.

Inventory:

Hand Weapons
 a - a +0 long sword (weapon)
Armour
 b - a +0 scale mail (worn)
 c - a +0 buckler (worn)
Jewellery
 w - a ring of flight
Wands
 o - a wand of flame (16)
 u - a wand of polymorph (5)
Scrolls
 d - a scroll of torment {unknown}
 f - 2 scrolls of identify {unknown}
 g - 2 scrolls of poison {unknown}
 i - a scroll of magic mapping {unknown}
 j - a scroll of blinking {unknown}
 k - a scroll of immolation {unknown}
 l - 2 scrolls of fog {unknown}
 m - a scroll of teleportation {unknown}
 q - a scroll of butterflies {unknown}
 s - 2 scrolls of enchant armour {unknown}
 t - 2 scrolls of amnesia {unknown}
Potions
 e - a potion of curing
 h - 3 potions of attraction {unknown}
 n - a potion of brilliance {unknown}
 p - a potion of lignification {unknown}
 r - a potion of berserk rage {unknown}
 v - 2 potions of heal wounds {unknown}
 x - a potion of flight {unknown}


   Skills:
 + Level 5.4 Fighting
 + Level 4.3 Long Blades
 + Level 5.4 Armour
 + Level 6.5 Shields


You had 6 spell levels left.
You didn't know any spells.
Your spell library contained the following spells:

 Spells                   Type           Power      Damage    Failure   Level
 Cigotuvi's Dreadful Rot  Necr/Pois/Air  0%         N/A       90%         2
 Poisonous Vapours        Pois/Air       0%         N/A       90%         2
 Static Discharge         Conj/Air       0%         2-2/arc   90%         2
 Ignite Poison            Fire/Tmut/Pois 0%         N/A       99%         3
 Kindle Blastsparks       Fire/Tloc/Air  0%         2d10      99%         3
 Mephitic Cloud           Conj/Pois/Air  0%         N/A       99%         3
 Vhi's Electric Charge    Tloc/Air       0%         N/A       99%         3
 Arcjolt                  Conj/Air       0%         1d10      100%        5
 Freezing Cloud           Conj/Ice/Air   0%         6-21      100%        5
 Plasma Beam              Fire/Air       0%         2x1d11    100%        5


Dungeon Overview and Level Annotations

Branches:
Dungeon (5/15)
 Temple: D:4-7

Altars:
Uskayaw
Zin

Shops:
D:5 [


Innate Abilities, Weirdness & Mutations

You cannot be hasted, slowed, berserked, paralysed or teleported.
You can dig through walls and to a lower floor.
You have a pair of large antennae on your head. (SInv)
Your four strong arms can wield two-handed weapons with a shield.


Message History

You are too injured to fight recklessly!
The gnoll attacks as you move away! You block the gnoll's attack.
The gnoll attacks as you move away! The gnoll closely misses you.
The gnoll attacks as you move away! The gnoll barely misses you.
The gnoll attacks as you move away! The gnoll hits you but does no damage.
The gnoll attacks as you move away! The gnoll hits you with a +0 whip.
The gnoll attacks as you move away! The gnoll hits you with a +0 whip.
The gnoll attacks as you move away! You block the gnoll's attack.
There is an escape hatch in the ceiling here.
The gnoll hits you with a +0 whip! The gnoll hits you but does no damage.
The gnoll hits you from afar with a +0 spear.
* * * LOW HITPOINT WARNING * * *
A mysterious force pulls you upwards. The hatch slams shut behind you.
You closely miss the gnoll.
The gnoll is severely wounded.
The gnoll hits you with a +0 whip.
* * * LOW HITPOINT WARNING * * *
The gnoll hits you with a +0 whip.
* * * LOW HITPOINT WARNING * * *
You hit the gnoll but do no damage.
The gnoll is severely wounded.
The gnoll barely misses you. The gnoll hits you with a +0 whip.
* * * LOW HITPOINT WARNING * * *
Unknown command.
You slash the gnoll!
You kill the gnoll!
The gnoll hits you but does no damage. The gnoll barely misses you.
Unknown command.
Things that are here:
a +0 whip; a gnoll corpse You slash the gnoll!
The gnoll is severely wounded.
The gnoll hits you but does no damage.
You hit the gnoll.
The gnoll is severely wounded.
The gnoll barely misses you.
You barely miss the gnoll.
The gnoll is severely wounded.
The gnoll hits you with a +0 whip.
You die...

#...............##
#...............#
#...............#
#...............#
#...##############
#...# #..........
#...# #..........
#...####..........
#@g...............
#...........###...
##..........# #...
#.........†# #...
#..........# #...
#..........# ###.
#..........# #...
#..........###...
#............#...


You could see a gnoll.

Vanquished Creatures
  An ogre (D:4)
  2 centaurs
  A scorpion (D:5)
  A hound (D:4)
  2 orc priests (D:4)
  An orc wizard (D:4)
  2 iguanas
  2 gnolls
  7 adders
  2 ufetubi
  A worm (D:4)
  3 dart slugs
  5 orcs (D:4)
  11 ball pythons
  5 bats
  7 endoplasms
  9 goblins
  7 hobgoblins
  7 jackals (D:1)
  4 kobolds
  2 quokkas (D:1)
  A frilled lizard (D:1)
  A rat (D:1)
84 creatures vanquished.

Vanquished Creatures (others)
  A rat (D:3)
1 creature vanquished.

Grand Total: 85 creatures vanquished

Notes
Turn   | Place    | Note
-------+----------+-------------------------------------------
     0 | D:1      | ZappyNine the Formicid Fighter began the quest for the Orb.
     0 | D:1      | Reached XP level 1. HP: 18/18 MP: 1/1
   132 | D:1      | Reached XP level 2. HP: 24/24 MP: 2/2
   319 | D:1      | Reached XP level 3. HP: 22/28 MP: 3/3
  1081 | D:3      | Reached XP level 4. HP: 34/37 MP: 4/4
  1738 | D:4      | Reached skill level 5 in Shields
  1738 | D:4      | Reached XP level 5. HP: 10/42 MP: 5/5
  1964 | D:4      | Found a glowing silver altar of Zin.
  2143 | D:4      | Found a hide-covered altar of Uskayaw.
  2170 | D:4      | Noticed a centaur
  2186 | D:4      | Killed a centaur
  2187 | D:4      | Reached XP level 6. HP: 15/49 MP: 6/6
  2846 | D:4      | Noticed an ogre
  2857 | D:4      | Killed an ogre
  2858 | D:4      | Reached skill level 5 in Fighting
  2858 | D:4      | Reached skill level 5 in Armour
  2858 | D:4      | Reached skill level 6 in Shields
  2858 | D:4      | Reached XP level 7. HP: 25/56 MP: 7/7
  3359 | D:5      | Entered Level 5 of the Dungeon
  3359 | D:5      | Found Zyekan's Armour Boutique.
  3554 | D:5      | HP: 2/56 [centaur/arrow (1)]
  3799 | D:4      | Slain by a gnoll

Illustrated notes

Levels and vault maps discovered:
D:1:      dpeg_arrival_rooms_with_view, layout_rooms
D:2:      layout_rooms
D:3:      layout_rooms, roderic_roman_lattice
D:4:      layout_basic, jmf_multi_god_temple
D:5:      layout_gridville, serial_shops, nicolae_stop_n_shop_2

Skill      XL: |  1  2  3  4  5  6  7 |
---------------+----------------------+-----
Armour         | 4 5 |  5.4
Fighting       | 4 5 |  5.4
Long Blades    | 3 4 |  4.3
Shields        | 5 6 |  6.5

Action                     |  1- 3 |  4- 6 |  7- 9 || total
---------------------------+-------+-------+-------++-------
  Melee: Long sword        |   119 |   152 |    68 ||   339
Ability: Dig               |     1 |     2 |       ||     3
    Use: Potion            |       |     3 |     3 ||     6
 Armour: Scale mail        |    70 |    73 |    38 ||   181
  Dodge: Dodged            |    84 |    58 |    54 ||   196
  Block: Buckler           |    34 |    39 |    29 ||   102

Table legend: (Time is in decaauts)
 A = Elapsed time spent in this place.
 B = Non-inter-level travel time spent in this place.
 C = Inter-level travel time spent in this place.
 D = Time resting spent in this place.
 E = Time spent auto-exploring this place.
 F = Levels seen in this place.
 G = Mean time per level.
                   A        B        C        D        E       F      G
               +--------+--------+--------+--------+--------+-----+--------+
         Total |   3892 |   3783 |    109 |   1183 |   1786 |   5 |  778.4 |
       Dungeon |   3892 |   3783 |    109 |   1183 |   1786 |   5 |  778.4 |
               +--------+--------+--------+--------+--------+-----+--------+

Top non-repeatable levels by time:
     D:4: 1722 daAuts
     D:1: 699 daAuts
     D:3: 678 daAuts
     D:5: 441 daAuts
     D:2: 351 daAuts
